 Dungeon Crawl Stone Soup version 0.20-a0-1122-gb7cbeb9 (webtiles) character file.

32151 azrac the Covert (level 13, -26/67 HPs)
             Began as a Vine Stalker Fighter on May 13, 2017.
             Was an Initiate of Uskayaw.
             Annihilated by an orc knight
             ... wielding a +0 dire flail
              (35 damage)
             ... on level 2 of the Orcish Mines.
             The game lasted 00:48:41 (15537 turns).

azrac the Covert (Vine Stalker Fighter)            Turns: 15537, Time: 00:48:41

Health: -26/67     AC: 11    Str: 27    XL:     13   Next: 62%
Magic:  0/31       EV: 14    Int:  9    God:    Uskayaw [......]
Gold:   1763       SH: 13    Dex: 22    Spells: 12/12 levels left

rFire    + . .     SeeInvis .   a - +6 rapier (elec)
rCold    + . .     Gourm    .   c - +1 shield
rNeg     . . .     Faith    +   r - +6 leather armour of the Oligarchy {rCorr MP+9 Str+3}
rPois    .         Spirit   +   (no helmet)
rElec    .         Reflect  .   j - scarf {rC+ rF+}
rCorr    +         Harm     .   (no gloves)
MR       +....                  y - +0 pair of boots
Stlth    +++++.....             L - amulet of faith
Regen    1.1/turn               Q - +4 ring of strength
MPRegen  0.3/turn               N - +5 ring of dexterity

@: no status effects
A: fangs 3, regeneration 2, magic shield, antimagic bite, no potion heal 3, rot
immunity
a: Renounce Religion


You were on level 2 of the Orcish Mines.
You worshipped Uskayaw.
Uskayaw was aware of your devotion.
You were hungry.

You visited 3 branches of the dungeon, and saw 18 of its levels.
You also visited: Sewer.

You collected 1763 gold pieces.

Inventory:

Hand Weapons
 a - a +6 rapier of electrocution (weapon)
 b - a +2 scimitar of flaming
 w - the +6 dagger of Outrage {antimagic, rPois rN+ Str-4}
   (You found it on level 4 of the Dungeon)

   It reduces the magical energy of the wielder, and disrupts the spells and
   magical abilities of those hit.
   Natural abilities and divine invocations are not affected.
   It affects your strength (-4).
   It protects you from poison.
   It protects you from negative energy.
Missiles
 k - 4 tomahawks of returning (quivered)
Armour
 c - a +1 shield (worn)
 j - a scarf of resistance (worn)
 r - the +6 leather armour of the Oligarchy (worn) {rCorr MP+9 Str+3}
   (You found it on level 8 of the Dungeon)

   It affects your strength (+3).
   It affects your magic capacity (+9).
   It protects you from acid and corrosion.
 y - a +0 pair of boots (worn)
Jewellery
 l - an uncursed ring of see invisible
 K - an uncursed ring of stealth
 L - an amulet of faith (around neck)
 N - a +5 ring of dexterity (right hand)
 Q - a +4 ring of strength (left hand)
Wands
 t - a wand of iceblast (14/15)
 C - a wand of digging (11/24)
 E - a wand of digging (14/24)
 G - a wand of polymorph (13/24)
 J - a wand of polymorph (10/24)
 P - a wand of disintegration (13/24)
Scrolls
 e - 6 scrolls of immolation
 g - 5 scrolls of remove curse
 h - 9 scrolls of teleportation
 i - 6 scrolls of identify
 n - 5 scrolls of recharging
 q - 2 scrolls of fear
 s - 5 scrolls of enchant armour
 B - a scroll of amnesia
 D - 2 scrolls of magic mapping
 H - a scroll of blinking
 S - a scroll of random uselessness {unknown}
Potions
 d - 5 potions of might
 p - 2 potions of invisibility
 v - a potion of resistance
 z - 6 potions of agility
 A - 3 potions of lignification
 F - 3 potions of flight
 I - 3 potions of haste
 M - a potion of cancellation
 O - 2 potions of magic
 R - 2 potions of brilliance
Books
 U - a book of Air

   Spells                             Type                      Level
   a - Shock                          Conjuration/Air              1
   b - Swiftness                      Charms/Air                   2
   c - Static Discharge               Conjuration/Air              3
   d - Airstrike                      Air                          4
   e - Lightning Bolt                 Conjuration/Air              5
Comestibles
 f - 15 bread rations
 m - 5 chunks of flesh
 o - 12 meat rations
 u - 19 fruits
 x - 16 royal jellies


   Skills:
 + Level 7.0 Fighting
 + Level 10.9 Short Blades
 + Level 5.8 Armour
 + Level 4.4 Dodging
 + Level 12.0 Stealth
 + Level 7.2 Shields
 * Level 11.5 Invocations


You had 12 spell levels left.
You didn't know any spells.

Dungeon Overview and Level Annotations

Branches:
Dungeon (12/15)            Temple (0/1) D:5            Lair (4/6) D:11
 Shoals (0/4) Lair:3        Snake (0/4) Lair:2          Orc (2/2) D:11
    Elf (0/3) Orc:2

Altars:
Ashenzari
Dithmenos
Elyvilon
Gozag
Nemelex Xobeh
Okawaru
Uskayaw
Vehumet
Xom
Zin
The Shining One

Shops:
D:8 :}=:}   D:10 *


Innate Abilities, Weirdness & Mutations

You have razor-sharp teeth.
You heal very quickly.
When hurt, damage is shared between your health and your magic reserves.
Your bite disrupts and absorbs the magic of your enemies.
Potions cannot restore your health.
You are immune to rotting.


Message History

You blow up the orc sorcerer!
The sixfirhy disappears in a puff of smoke!
Your Stealth skill increases to level 12!
You can no longer merge with and destroy a victim.
You are feeling hungry.
An orc warrior and an orc sorcerer come into view.
The orc sorcerer is wielding a dagger of venom.
You block the orc knight's attack.
The orc priest begins to cast a cantrip, but forgets the words!
You stomp with the beat, sending a shockwave through the revelers around you!
The orc knight is severely wounded.
The orc warrior is heavily wounded.
The orc knight is heavily wounded.
You kill the orc warrior!
You feel somewhat more hungry.
You can no longer stomp with the beat.
The orc knight hits you with a broad axe!!!
* * * LOW HITPOINT WARNING * * *
The orc knight hits you with a dire flail!!!
Ouch! That really hurt!
You die...

..o..#.## ##...#.##.
........#### ###........
.o.......#.###.....#.##.
...o....... #....#####..
o..o.... ##....# #...
oo.o.# ###.#####..
#oo.## ####.##..
#§oo.#### ##.......
#.@)###.###........
#)oo##.............
#))).##.....#......
#.))..#.#.....##..#
#....#.........####
#...###.........#
#....####.......##
#.....#..........## ###
#.................#


You could see 2 orc knights, an orc sorcerer, 4 orc warriors, 2 orc priests and
an orc.

Vanquished Creatures
  Erolcha (Orc:2)
  4 hydras
  Harold (D:11)
  A two-headed ogre (D:10)
  Erica (D:9)
  Nergalle (Orc:1)
  An orc knight (Orc:1)
  The ghost of Widdershin the Covert, a novice SpAs of Okawaru (D:7)
  3 orc sorcerers
  A cyclops (Orc:1)
  A manticore (D:11)
  A merfolk siren (Lair:3)
  2 black mambas
  6 spiny frogs
  A komodo dragon (Lair:3)
  A polar bear (Lair:1)
  3 hornets (D:8)
  5 trolls
  13 blink frogs
  5 hippogriffs
  3 wyverns
  11 yaks
  Grum (D:8)
  4 basilisks
  A hungry ghost (D:7)
  3 wargs
  2 nagas (Lair:2)
  12 water moccasins
  2 soldier ants
  7 porcupines
  An ice beast (D:11)
  3 phantoms
  15 orc warriors
  2 sky beasts (D:9)
  10 ogres
  8 centaurs
  11 crocodiles
  10 wolves
  8 big kobolds
  Blork the orc (D:4)
  15 bullfrogs
  A gnoll sergeant (D:8)
  A wyvern skeleton (D:9)
  2 scorpions (D:9)
  4 howler monkeys
  An electric eel (Lair:4)
  A jelly (D:11)
  4 crimson imps
  3 bullfrog zombies
  2 centaur zombies
  6 hounds
  A quasit (D:11)
  A centaur skeleton (D:4)
  21 orc wizards
  2 bullfrog skeletons
  10 orc priests
  An iguana (D:11)
  3 hell rats (Lair:1)
  7 worker ants
  2 hound zombies
  A hound skeleton (D:6)
  A worker ant zombie (D:10)
  A howler monkey zombie (D:9)
  11 gnolls
  21 adders
  5 river rats
  4 shadow imps
  6 oozes
  7 worms
  A dart slug (D:1)
  6 leopard geckos
  76 orcs
  14 bats
  7 giant cockroaches
  9 goblins
  6 hobgoblins
  14 jackals
  2 quokkas
  5 ball pythons
  8 frilled lizards
  28 kobolds
  A leopard gecko zombie (D:8)
  15 rats
505 creatures vanquished.

Vanquished Creatures (others)
  A fungus (D:11)
1 creature vanquished.

Grand Total: 506 creatures vanquished

Notes
Turn   | Place    | Note
-------+----------+-------------------------------------------
     0 | D:1      | azrac the Vine Stalker Fighter began the quest for the Orb.
     0 | D:1      | Reached XP level 1. HP: 11/11 MP: 2/2
    71 | D:1      | Reached XP level 2. HP: 16/16 MP: 3/3
   252 | D:1      | Reached XP level 3. HP: 12/19 MP: 4/4
  1227 | D:2      | Gained mutation: Your natural rate of healing is unusually fast. [Vine Stalker growth]
  1227 | D:2      | Reached XP level 4. HP: 23/23 MP: 5/5
  1655 | D:3      | Reached XP level 5. HP: 27/27 MP: 6/6
  1712 | D:3      | Reached skill level 1 in Dodging
  1804 | D:3      | Found a glowing drain.
  1863 | Sewer    | Entered a sewer
  2060 | Sewer    | Noticed a big kobold
  2081 | Sewer    | Killed a big kobold
  2081 | Sewer    | Reached XP level 6. HP: 30/32 MP: 7/7
  2239 | Sewer    | Reached skill level 5 in Short Blades
  2383 | Sewer    | Reached XP level 7. HP: 28/36 MP: 8/8
  2751 | D:3      | Found a shattered altar of Ashenzari.
  2777 | D:3      | Found a glowing silver altar of Zin.
  2843 | D:3      | Found an iron altar of Okawaru.
  3124 | D:4      | Got an ominously black robe
  3253 | D:4      | Identified the cursed +1 robe of Zuel {Int+4} (You found it on level 4 of the Dungeon)
  3424 | D:4      | Noticed Blork the orc
  3436 | D:4      | Killed Blork the orc
  3436 | D:4      | Gained mutation: You have razor-sharp teeth. [Vine Stalker growth]
  3436 | D:4      | Reached XP level 8. HP: 36/42 MP: 9/9
  3464 | D:4      | Got a smoking dagger
  3465 | D:4      | Identified the +6 dagger of Outrage {antimagic, rPois rN+ Str-4} (You found it on level 4 of the Dungeon)
  3768 | D:5      | Entered Level 5 of the Dungeon
  3820 | D:5      | Reached skill level 1 in Stealth
  3874 | D:5      | Found a hide-covered altar of Uskayaw.
  3877 | D:5      | Became a worshipper of Uskayaw the Reveler
  3888 | D:5      | Reached * piety under Uskayaw
  3989 | D:5      | Found a shimmering altar of Xom.
  3989 | D:5      | Found a glowing golden altar of the Shining One.
  3990 | D:5      | Found a shadowy altar of Dithmenos.
  4013 | D:5      | Found a staircase to the Ecumenical Temple.
  4222 | D:5      | Reached ** piety under Uskayaw
  4227 | D:5      | Reached *** piety under Uskayaw
  4742 | D:6      | Reached skill level 2 in Stealth
  4923 | D:6      | Found a white marble altar of Elyvilon.
  5146 | D:7      | Reached skill level 3 in Stealth
  5222 | D:7      | Found a sparkling altar of Nemelex Xobeh.
  5254 | D:7      | Reached **** piety under Uskayaw
  5264 | D:7      | Noticed Widdershin's ghost (novice SpAs)
  5281 | D:7      | Reached XP level 9. HP: 38/46 MP: 10/10
  5289 | D:7      | Killed Widdershin's ghost
  5289 | D:7      | Reached skill level 4 in Stealth
  5631 | D:7      | Reached skill level 1 in Invocations
  6078 | D:8      | Found Ihag's Book Shoppe.
  6128 | D:8      | Found Cywosaof's Jewellery Boutique.
  6130 | D:8      | Found Ysupn's Gadget Boutique.
  6213 | D:8      | Found Apsestabb's Book Boutique.
  6231 | D:8      | Noticed Grum
  6241 | D:8      | Reached skill level 5 in Invocations
  6267 | D:8      | Found a radiant altar of Vehumet.
  6282 | D:8      | Reached XP level 10. HP: 44/51 MP: 15/15
  6303 | D:8      | Killed Grum
  6304 | D:8      | Reached ***** piety under Uskayaw
  6422 | D:8      | Paralysed by a hornet for 3 turns
  6688 | D:8      | You fall through a shaft!
  6701 | D:9      | Noticed Erica
  6733 | D:9      | Reached skill level 5 in Fighting
  6782 | D:8      | Got a warped leather armour
  6793 | D:8      | Identified the +6 leather armour of the Oligarchy {rCorr MP+9 Str+3} (You found it on level 8 of the Dungeon)
  7094 | D:8      | Reached skill level 5 in Armour
  7094 | D:8      | Reached skill level 5 in Stealth
  7114 | D:8      | Found Ethropn's Gadget Emporium.
  7482 | D:9      | Reached skill level 5 in Shields
  7483 | D:9      | Reached ****** piety under Uskayaw
  7775 | D:9      | Killed Erica
  7775 | D:9      | Reached XP level 11. HP: 51/56 MP: 18/18
  7982 | D:9      | Found an opulent altar of Gozag.
  8063 | D:10     | Entered Level 10 of the Dungeon
  8299 | D:10     | Noticed a two-headed ogre
  8309 | D:10     | Reached skill level 6 in Stealth
  8469 | D:10     | Killed a two-headed ogre
  8761 | D:10     | Found Fazxolisi's General Store.
  8814 | D:11     | Found a staircase to the Orcish Mines.
  8954 | D:11     | Noticed a manticore
  8961 | D:11     | Killed a manticore
  8961 | D:11     | Reached skill level 7 in Stealth
  9148 | D:11     | Found a staircase to the Lair.
  9351 | D:11     | Reached skill level 8 in Stealth
  9705 | D:11     | Noticed Harold
  9718 | D:11     | Killed Harold
  9929 | Lair:1   | Entered Level 1 of the Lair of Beasts
  9967 | Lair:1   | Reached skill level 10 in Invocations
  9967 | Lair:1   | Gained mutation: You heal very quickly. [Vine Stalker growth]
  9967 | Lair:1   | Reached XP level 12. HP: 59/60 MP: 20/20
 10690 | Lair:1   | Reached skill level 9 in Stealth
 11395 | Lair:2   | Found a staircase to the Snake Pit.
 11996 | Lair:3   | Noticed a four-headed hydra
 12019 | Lair:3   | Killed a four-headed hydra
 12019 | Lair:3   | Reached skill level 10 in Stealth
 12277 | Lair:3   | Reached skill level 10 in Short Blades
 12346 | Lair:3   | Found a staircase to the Shoals.
 12432 | Lair:3   | Noticed a five-headed hydra
 12453 | Lair:3   | Killed a five-headed hydra
 12885 | Lair:3   | Noticed a four-headed hydra
 12897 | Lair:3   | Killed a four-headed hydra
 12897 | Lair:3   | Reached XP level 13. HP: 66/66 MP: 22/22
 12961 | Lair:3   | Reached skill level 11 in Stealth
 13127 | Lair:4   | Got a dazzling plate armour
 13128 | Lair:4   | Identified the +0 plate armour of the Skies Above {Str-5 Dex+4 SInv} (You found it on level 4 of the Lair of Beasts)
 14059 | Orc:1    | Entered Level 1 of the Orcish Mines
 14139 | Orc:2    | Entered Level 2 of the Orcish Mines
 14706 | Orc:1    | Noticed Nergalle
 14714 | Orc:1    | Killed Nergalle
 15092 | Orc:2    | Found a staircase to the Elven Halls.
 15196 | Orc:2    | Noticed Erolcha
 15530 | Orc:2    | Killed Erolcha
 15536 | Orc:2    | Reached skill level 12 in Stealth
 15537 | Orc:2    | Annihilated by an orc knight

Vault maps used:
D:1:      dpeg_arrival_fog
D:3:      lemuel_crystal_altar, old_standard_altar, lemuel_crystal_altar,
          portal_sewer_entry_a
D:4:      kennysheep_crisscross, uniq_blork_the_orc
D:5:      kennysheep_mini, grunt_temple_overflow_open,
          minmay_temple_entry_nine_rooms, first_bread
D:6:      lemuel_crystal_altar
D:7:      nemelex_xobeh_ov_fountains_minmay
D:8:      vehumet_altar_wand_db, serial_shops, shop, nicolae_shop_statue_plus,
          shop, shop, shop_statue, hangedman_pestilent_swarm, uniq_grum
D:9:      kennysheep_mini_moat, uniq_erica
D:10:     serial_shops, nicolae_shop_behind_doors
D:11:     minmay_lair_entry_grove, minmay_orc_entry_guard_dogs, uniq_harold
D:12:     uniq_nessos
Lair:1:   fungi_pond_lemuel, kennysheep_abandoned_house
Lair:2:   guppyfry_snake_entry_island
Lair:3:   minmay_shoals_entry_lonely_mermaid
Lair:4:   infiniplex_staircase_pool, grunt_megastairs_2
Orc:1:    uniq_nergalle
Orc:2:    st_orc_congregation, uniq_erolcha
Sewer:    sewer_co_tree

Skill      XL: |  1  2  3  4  5  6  7  8  9 10 11 12 13 |
---------------+----------------------------------------+-----
Short Blades   | 2 3 4 5 6 7 8 9 10 | 10.9
Dodging        | 1 2 3 4 |  4.4
Shields        | 3 4 5 6 7 |  7.2
Fighting       | 3 4 5 6 7 |  7.0
Armour         | 3 4 5 |  5.8
Stealth        | 3 4 5 8 10 12 | 12.0
Invocations    | 6 9 10 11 | 11.5

Action                   |  1- 3 |  4- 6 |  7- 9 | 10-12 | 13-15 || total
-------------------------+-------+-------+-------+-------+-------++-------
Melee: Rapier            |   102 |   196 |   259 |   473 |   157 ||  1187
       Bite              |    29 |    53 |   109 |   184 |    58 ||   433
       Dagger            |       |       |   126 |       |       ||   126
Throw: Tomahawk          |     9 |     8 |       |       |       ||    17
Invok: Stomp             |       |       |     2 |     6 |     1 ||     9
       Line Pass         |       |       |       |     8 |     2 ||    10
       Grand Finale      |       |       |       |       |     2 ||     2
Evoke: Wand              |       |       |       |     2 |     2 ||     4
  Use: Scroll            |       |       |    15 |    14 |     4 ||    33
       Potion            |       |       |       |     3 |       ||     3
 Stab: Paralysed         |       |       |     8 |    33 |    19 ||    60
       Sleeping          |       |       |     1 |    22 |    10 ||    33
       Confused          |       |       |       |     3 |     2 ||     5
       Invisible         |       |       |       |     1 |       ||     1
       Distracted        |       |       |       |     4 |     2 ||     6
  Eat: Chunk             |     1 |     4 |    14 |    23 |    10 ||    52
       Fruit             |       |       |       |     2 |       ||     2
Armor: Scale mail        |    49 |    63 |    77 |    11 |       ||   200
       Leather armour    |       |       |       |    99 |    21 ||   120
Dodge: Dodged            |    34 |    56 |    74 |   162 |    42 ||   368
Block: Shield            |    69 |    70 |   140 |   253 |    59 ||   591
